 Dungeon Crawl Stone Soup version 0.31.0-32-g396128a36d (webtiles) character file.

Game seed: 1071416426751758066

272 Doomgape the Covered (level 6, -1/58 HPs)
             Began as a Gargoyle Fighter on Mar 27, 2024.
             Slain by Pikel
             ... wielding a +2 whip of freezing
              (2 damage)
             ... on level 5 of the Dungeon.
             The game lasted 00:07:59 (3224 turns).

Doomgape the Covered (Gargoyle Fighter)             Turns: 3224, Time: 00:08:01

Health: -1/58      AC: 14    Str: 22    XL:     6   Next: 23%
Magic:  6/6        EV:  8    Int:  8    God:
Gold:   123        SH:  4    Dex:  9    Spells: 5/5 levels left

rFire   . . .        a - +0 flail
rCold   . . .        c - +0 buckler
rNeg    + . .        f - +0 chain mail
rPois   ∞            (no helmet)
rElec   +            (no cloak)
rCorr   .            (no gloves)
SInv    .            (no boots)
Will    .....        (no amulet) Stlth
                     (no ring)
HPRegen 0.29/turn    (no ring)
MPRegen 0.10/turn

%: no passive effects
@: mighty, berserking, attractive, very quick
A: sickness immunity, AC +4, negative energy resistance 1, electricity
resistance, torment resistance 1, petrification resistance, claws 1, mutation
resistance 1, sense surroundings 1
a: no special abilities


You were on level 5 of the Dungeon.
You visited 1 branch of the dungeon, and saw 6 of its levels.

You collected 123 gold pieces.

Inventory:

Hand Weapons
 a - a +0 flail (weapon)
Missiles
 b - a throwing net (quivered)
Armour
 c - a +0 buckler (worn)
 f - a +0 chain mail (worn)
Jewellery
 o - a +4 ring of slaying
Wands
 m - a wand of paralysis (6)
Scrolls
 e - 4 scrolls of identify {unknown}
 h - a scroll of torment {unknown}
 i - a scroll of vulnerability {unknown}
 l - a scroll of enchant armour {unknown}
 q - a scroll of teleportation {unknown}
 r - a scroll of noise {unknown}
Potions
 d - a potion of might
 g - a potion of curing {unknown}
 j - a potion of enlightenment {unknown}
 k - 3 potions of mutation


   Skills:
 + Level 4.6 Fighting
 + Level 3.5 Maces & Flails
 + Level 4.7 Armour
 + Level 4.6 Shields


You had 5 spell levels left.
You didn't know any spells.
Your spell library contained the following spells:

 Spells                   Type           Power      Damage    Failure   Level
 Sandblast                Erth           0%         2d4       97%         1
 Mercury Vapours          Alch/Air       0%         N/A       99%         2
 Mephitic Cloud           Conj/Alch/Air  0%         N/A       100%        3
 Passwall                 Erth           0%         N/A       100%        3
 Stone Arrow              Conj/Erth      0%         3d7       100%        3
 Brom's Barrelling Bould  Conj/Erth      0%         2d3       100%        4
 Petrify                  Alch/Erth      0%         N/A       100%        4
 Freezing Cloud           Conj/Ice/Air   0%         6-21      100%        5
 Irradiate                Conj/Alch      0%         3d11      100%        5
 Sublimation of Blood     Necr           Unusable   N/A       N/A         2

Dungeon Overview and Level Annotations

Branches:
Dungeon (6/15)
 Temple: D:4-7

Altars:
Ashenzari
Cheibriados
Fedhas
Ru

Shops:
D:2 *

Annotations:
D:3 exclusion: oklob plant
D:5 Pikel


Innate Abilities, Weirdness & Mutations

You are immune to sickness and miasma.
Your stone body is resilient. (AC +4)
You are immune to poison.
You resist negative energy. (rN+)
You are resistant to electric shocks. (rElec)
You are resistant to unholy torment.
You are immune to petrification.
You have sharp fingernails.
You are somewhat resistant to further mutation.
You passively map a small area around you.


Message History

Pikel hits you with a +2 whip of freezing.
Pikel freezes you.
You feel very mighty all of a sudden. Pikel hits you but does no damage.
It was a potion of mutation.
You feel extremely strange.
You feel a strange attunement to the structure of the dungeons.
Your fingernails lengthen.
You feel genetically stable. Pikel closely misses you.
Unknown command.
Okay, then.
It was a potion of attraction.
You feel attractive to monsters. You block Pikel's attack.
You sock Pikel!
Pikel is severely wounded.
Pikel hits you with a +2 whip of freezing.
* * * LOW HITPOINT WARNING * * *
Pikel freezes you.
* * * LOW HITPOINT WARNING * * *
Unknown command.
It was a potion of berserk rage.
A red film seems to cover your vision as you go berserk!
You feel yourself moving faster!
You feel mighty!
Pikel hits you with a +2 whip of freezing.
* * * LOW HITPOINT WARNING * * *
Pikel freezes you.
* * * LOW HITPOINT WARNING * * *
You closely miss Pikel.
Pikel is severely wounded.
Pikel hits you but does no damage.
You hit Pikel.
Pikel is severely wounded.
You block Pikel's attack.
You closely miss Pikel.
Pikel is severely wounded.
Pikel hits you with a +2 whip of freezing.
* * * LOW HITPOINT WARNING * * *
Pikel freezes you.
You die...
Pikel says, "Another soul for the market."

#############
#....^#.....##
.............##
.....).......K####
.............5.55##
.............5##55#
...........>..##K##
..............##@#
.............##..#
#.....#.....#...##
#######.$.....###
#.......# #.......#
#.......# #......##
#....... *


You could see Pikel and 4 lemures.

Vanquished Creatures
  Crazy Yiuf (D:2)
  Ijyb (D:3)
  An iguana (D:4)
  4 gnolls (D:2)
  8 adders
  2 ufetubi (D:6)
  3 dart slugs
  2 ribbon worms
  An orc (D:3)
  6 ball pythons
  2 endoplasms
  5 giant cockroaches
  8 goblins
  4 hobgoblins
  7 quokkas
  2 bats
  6 frilled lizards
  5 kobolds
  2 rats
70 creatures vanquished.

Notes
Turn   | Place    | Note
-------+----------+-------------------------------------------
     0 | D:1      | Doomgape the Gargoyle Fighter began the quest for the Orb.
     0 | D:1      | Reached XP level 1. HP: 14/14 MP: 1/1
    53 | D:1      | Reached XP level 2. HP: 16/19 MP: 2/2
   367 | D:1      | Found a faded altar of an unknown god.
   821 | D:2      | Reached XP level 3. HP: 23/24 MP: 3/3
  1034 | D:2      | Reached XP level 4. HP: 29/29 MP: 4/4
  1381 | D:2      | Found Elerat's Assorted Antiques.
  1431 | D:2      | Reached XP level 5. HP: 33/33 MP: 5/5
  1746 | D:2      | Found a runed translucent door.
  1747 | D:2      | Noticed Crazy Yiuf
  1755 | D:2      | Paralysed by Crazy Yiuf for 1 turns
  1758 | D:2      | Killed Crazy Yiuf
  2140 | D:3      | Noticed Ijyb
  2147 | D:3      | Paralysed by Ijyb for 4 turns
  2153 | D:3      | Paralysed by Ijyb for 2 turns
  2165 | D:3      | Killed Ijyb
  2318 | D:3      | Found a broken altar of Ashenzari.
  2679 | D:3      | Found a blossoming altar of Fedhas.
  2690 | D:3      | Noticed an oklob plant
  2776 | D:4      | Reached XP level 6. HP: 39/39 MP: 6/6
  3002 | D:4      | You fall into a shaft and drop 2 floors!
  3022 | D:6      | Found a snail-covered altar of Cheibriados.
  3022 | D:6      | Found a sacrificial altar of Ru.
  3189 | D:5      | Entered Level 5 of the Dungeon
  3189 | D:5      | Noticed Pikel
  3218 | D:5      | Gained mutation: You passively map a small area around you.
                  | [potion of mutation]
  3218 | D:5      | Gained mutation: You have sharp fingernails. [potion of
                  | mutation]
  3218 | D:5      | Gained mutation: You are somewhat resistant to further
                  | mutation. [potion of mutation]
  3224 | D:5      | HP: 1/58 [Pikel/+2 whip of freezing (4)]
  3224 | D:5      | Slain by Pikel

Illustrated notes

Levels and vault maps discovered:
D:1:      psy_arrival_radial01, layout_basic, shapermc_ecumenical_altar_pompeii
D:2:      layout_loops_corners, serial_shops, shop, minivault_19,
          kennysheep_generic_room_4, uniq_crazy_yiuf_cottage
D:3:      layout_loops_ring, tgw_fedhas, mainiacjoe_overflow_alcove_1, uniq_ijyb
D:4:      layout_loops_corners, okawaru_metal_pillars_1_2,
          eat_drink_and_be_merry_uskayaw, cheibrodos_sewer_entry_sluice,
          uniq_eustachio
D:5:      gammafunk_steamed_eel, layout_rooms, uniq_pikel
D:6:      cheibrodos_two_vegetables, layout_basic,
          mainiacjoe_overflow_large_starburst, minmay_temple_entry_junction,
          uniq_menkaure

Skill      XL: |  1  2  3  4 |
---------------+-------------+-----
Armour         | 4 |  4.7
Fighting       | 4 |  4.6
Shields        | 4 |  4.6
Maces & Flails | 3 |  3.5

Action                     |  1- 3 |  4- 6 || total
---------------------------+-------+-------++-------
  Melee: Flail             |    84 |   210 ||   294
    Use: Potion            |       |     4 ||     4
 Armour: Scale mail        |    34 |       ||    34
         Chain mail        |    28 |   249 ||   277
  Dodge: Dodged            |    39 |   143 ||   182
  Block: Buckler           |    22 |    59 ||    81
